 Dungeon Crawl Stone Soup version 0.31.0-11-ge490571c62 (webtiles) character file.

Game seed: 5914844042551591191

8 Gadfly the Trooper (level 2, 16/24 HPs)
             Began as a Demonspawn Monk on Feb 1, 2024.
             Quit the game on level 1 of the Dungeon.
             The game lasted 00:00:30 (205 turns).

Gadfly the Trooper (Demonspawn Monk)                 Turns: 205, Time: 00:00:31

Health: 16/24      AC:  2    Str: 11    XL:     2   Next: 0%
Magic:  2/2        EV: 13    Int: 10    God:
Gold:   0          SH:  0    Dex: 15    Spells: 1/1 levels left

rFire   . .          .
                       - Unarmed
rCold   . . .        c - orb {light}
rNeg    . . .        a - +0 robe
rPois   .            (no helmet)
rElec   .            (no cloak)
rCorr   .            (no gloves)
SInv    .            (no boots)
Will    .....        (no amulet)
Stlth   +            (no ring)
HPRegen 0.24/turn    (no ring)
MPRegen 0.08/turn

%: no passive effects
@: glowing
A: demonic magic 1
a: no special abilities


You were on level 1 of the Dungeon.
You visited 1 branch of the dungeon, and saw 1 of its levels.

Inventory:

Armour
 a - a +0 robe (worn)
 c - an orb of light (worn)
Jewellery
 d - a +5 ring of evasion
Scrolls
 e - a scroll of teleportation {unknown}
Potions
 b - a potion of ambrosia


   Skills:
 + Level 3.0 Fighting
 + Level 2.7 Dodging
 * Level 2.8 Unarmed Combat
 * Level 1.0 Invocations
 * Level 0.4 Evocations
 * Level 0.3 Shapeshifting


You had one spell level left.
You didn't know any spells.
Your spell library was empty.

Dungeon Overview and Level Annotations

Branches:
Dungeon (1/15)

Altars:


Innate Abilities, Weirdness & Mutations

Spells you cast may paralyse adjacent enemies.


Message History

The bat barely misses you.
You see here a +0 short sword.
The bat hits you but does no damage.
You barely miss the rat. The bat barely misses you. The rat barely misses you.
You hit the rat but do no damage. The rat closely misses you.
The bat closely misses you.
You hit the rat.
The rat is moderately wounded.
The bat misses you.
The frilled lizard bites you but does no damage.
The rat bites you but does no damage. The ball python bites you.
The ball python grabs you. The ball python constricts you.
You barely miss the ball python. The bat barely misses you.
The frilled lizard bites you but does no damage.
The rat closely misses you. The ball python closely misses you.
The ball python constricts you. The bat hits you but does no damage.
You hit the ball python.
The ball python is severely wounded.
The bat hits you but does no damage. The frilled lizard barely misses you.
The rat closely misses you.
The ball python bites you but does no damage.
The ball python constricts you.
You hit the ball python but do no damage.
The ball python is severely wounded.
The bat hits you but does no damage. The ball python barely misses you.
The ball python constricts you. The rat bites you.
The frilled lizard barely misses you.
You hit the ball python.
You kill the ball python!
The bat hits you but does no damage. The rat barely misses you.
The frilled lizard bites you.
You hit the rat.
You kill the rat!
The bat misses you. The frilled lizard closely misses you.
The bat barely misses you.
Your Invocations skill increases to level 1!
You have reached level 2!
Your demonic ancestry asserts itself...
A menacing aura infuses your magic.
Are you sure you want to abandon this character and quit the game? (Confirm with "yes".)

#....# #####....#
#........####
#...........
#.........###
#............ ####
#...†bl..# ...#
#....@†..# ...#
#...)##### ...###
####.>##
.....###########..#####
.......)...........$....
....#######.########..##
.##.#.......#.....# ?.~
.##.#####.#.#.###.# ≈~
....#.....#.#.#.#.# ~


You could see a bat and a frilled lizard.

Vanquished Creatures
  A bat (D:1)
  2 endoplasms (D:1)
  A goblin (D:1)
  A ball python (D:1)
  2 kobolds (D:1)
  A rat (D:1)
8 creatures vanquished.

Notes
Turn   | Place    | Note
-------+----------+-------------------------------------------
     0 | D:1      | Gadfly the Demonspawn Monk began the quest for the Orb.
     0 | D:1      | Reached XP level 1. HP: 18/18 MP: 1/1
   205 | D:1      | Reached skill level 1 in Invocations
   205 | D:1      | Gained mutation: Spells you cast may paralyse adjacent
                  | enemies. [demonic ancestry]
   205 | D:1      | Reached XP level 2. HP: 16/24 MP: 2/2
   205 | D:1      | Quit the game

Illustrated notes

Levels and vault maps discovered:
D:1:      matt_arrival_spirals, layout_rooms, chequers_serial_rivers_small_a,
          grunt_decor_cap

Skill      XL: |  1 |
---------------+----+-----
Invocations    | 1 |  1.0
Fighting       | |  3.0
Dodging        | |  2.7
Unarmed Combat | |  2.8
Evocations     | |  0.4
Shapeshifting  | |  0.3

Action                     || total
---------------------------++-------
  Melee: Unarmed           ||    23
   Stab: Sleeping          ||     1
 Armour: Robe              ||    18
  Dodge: Dodged            ||    24
